[Event "Khanty-Mansiysk FIDE GP (Women)"]
[Site "Khanty-Mansiysk"]
[Date "2014.04.21"]
[Round "11"]
[White "Hou, Yifan"]
[Black "Kosteniuk, Alexandra"]
[Result "1/2-1/2"]
[ECO "A46"]
[WhiteElo "2618"]
[BlackElo "2527"]
[Annotator "ChessBase Website"]
[PlyCount "105"]
[EventDate "2014.04.09"]
[EventType "tourn"]
[EventRounds "11"]
[EventCountry "RUS"]
[EventCategory "10"]
[SourceTitle "CBM 160"]
[Source "ChessBase"]
[SourceDate "2014.05.15"]
[SourceVersion "1"]
[SourceVersionDate "2014.05.15"]
[SourceQuality "1"]
[TimeControl "40/5400+30:1800+30"]
[WhiteClock "1:30:00"]
[BlackClock "1:30:00"]

1. g3 d5 2. Nf3 Nf6 3. Bg2 e6 4. d4 b5 5. a4 (5. c3 a5 6. O-O Nbd7 7. Bf4
Be7 8. Qc2 c5 9. Nbd2 Bb7 10. Ne5 O-O 11. a4 bxa4 12. Qxa4 Nxe5 13. dxe5 Nd7
14. h4 Qc7 15. e4 Nb6 16. Qc2 Rfd8 17. Rfc1 h6 18. Be3 Qd7 19. exd5 Nxd5 20.
Nc4 a4 21. Re1 Qb5 22. Na3 Qa6 23. Rad1 Rab8 24. c4 Nxe3 25. Rxd8+ Rxd8 26.
Rxe3 Bxg2 27. Kxg2 Qb7+ 28. Kg1 Qb4 29. Rc3 Qb8 30. Re3 Qb4 31. Rc3 Rd7 32. Nb5
Qa5 33. Qe2 Qd8 34. Ra3 Rd2 {Kamsky,G (2732)-Topalov,V (2770) Wijk aan Zee
2012 1-0 (71)}) 5... b4 6. a5 c5 7. c4 bxc3 8. Nxc3 Nc6 9. O-O Ba6 10. Bg5 {[%emt 0:
19:52] Not a short draw by any means. Hou Yifan didn't show any more of her
preparation and started the game with 1.g3. This led to an interesting endgame
in which White had a potential passed pawn on the queenside but Black was
quite active. After some further simplifications the game reached a drawn rook
endgame.} Rc8 11. Qa4 Qd7 12. dxc5 Bxc5 13. Rfc1 Nb4 14. Ne5 Qxa4 15. Nxa4 Bd6 16. Rxc8+ Bxc8 17. Rc1 Ke7 18. Bd2 Bxe5 19. Bxb4+ Bd6 20. Bxd6+ Kxd6 21. Nc5 Nd7 22. Nb3 Ne5 23. Nd4 Bd7 24. f4 Nc4 25. b3 Ne3 26. Bh3 h5 27. Rc3 Ng4 28. Bg2 Rb8 29. h3 Nf6 30. e3 Ne8 31. Kf2 f6 32.
Nc2 Nc7 33. e4 Nb5 34. Rd3 Rc8 35. Rd2 Nc3 36. Ne3 Nb1 37. Rd1 Nc3 38. Rd2 Nb1 39. Rb2 Nc3 40. exd5 Nxd5 41. Rd2 Bc6 42. f5 Ke7 43. Bxd5 Bxd5 44. Nxd5+ exd5 45. Rxd5 Rb8 46. Rd3 Rb5 47.
Re3+ Kd7 48. g4 hxg4 49. hxg4 Rxa5 50. Kg3 Ra1 51. Rd3+ Ke7 52. Re3+ Kd7 53. Rd3+ 1/2-1/2

[Event "RUS-chT (Women) 18th"]
[Site "Sochi"]
[Date "2016.05.07"]
[Round "6.9"]
[White "Shuvalova, Polina"]
[Black "Kosteniuk, Alexandra"]
[Result "0-1"]
[ECO "B31"]
[WhiteElo "2320"]
[BlackElo "2556"]
[PlyCount "66"]
[EventDate "2016.05.01"]
[EventType "team-tourn"]
[EventRounds "9"]
[EventCountry "RUS"]
[SourceTitle "EXT 2020"]
[Source "ChessBase"]
[SourceDate "2019.10.17"]
[SourceVersion "1"]
[SourceVersionDate "2019.10.17"]
[SourceQuality "1"]
[WhiteTeam "Moscow SSHOR Youth (W)"]
[BlackTeam "Moscow Legacy Square (W)"]
[WhiteTeamCountry "RUS"]
[BlackTeamCountry "RUS"]
[TimeControl "6000+2010"]
[WhiteClock "0:16:08"]
[BlackClock "0:40:06"]

1. e4 c5 2. Nf3 Nc6 3. Bb5 g6 4. O-O Bg7 5. c3 Nf6 6. Re1 O-O 7. h3 Qb6 8. Ba4
Rd8 9. d4 cxd4 10. cxd4 d5 11. e5 Ne4 12. Nc3 {[#]} Nxe5 13. Nxe5 Bxe5 14. dxe5
Qxf2+ 15. Kh2 Qg3+ 16. Kg1 Qf2+ 17. Kh2 Qg3+ 18. Kg1 Nf2 {[#]} 19. Qf3 (19. Ne4
Nxh3+ (19... Nxe4 20. Rxe4 Bxh3 21. Re2) (19... dxe4 20. Qxd8+ Kg7 21. Bh6+
Kxh6 22. Qd2+) 20. Kh1 Qh4 21. g3 Nf2+ 22. Kg1 Qxe4 23. Rxe4 Nxd1 24. Rb4) (19.
Qd4 Nxh3+ 20. Kf1 Qh2 21. Be3) 19... Nxh3+ 20. Kf1 Qh2 21. Be3 h5 (21... d4 22.
Rad1 h5) 22. Nxd5 Rxd5 23. Qxd5 Be6 24. Qd4 Qh1+ 25. Bg1 {[#]} Bc4+ 26. Qxc4 (
26. Re2 Qxg1+ 27. Qxg1 Nxg1 28. Kxg1 Bxe2) 26... Qxg1+ 27. Ke2 Qxg2+ 28. Kd3
Rd8+ 29. Kc3 Qd2+ 30. Kb3 Rd3+ 31. Qc3 Rxc3+ 32. bxc3 Nf2 33. Bb5 Ne4 0-1

[Event "FRA-chT Top 12"]
[Site "Brest"]
[Date "2018.05.26"]
[Round "1"]
[White "Kosteniuk, Alexandra"]
[Black "Apicella, Manuel"]
[Result "0-1"]
[ECO "C19"]
[WhiteElo "2555"]
[BlackElo "2513"]
[PlyCount "85"]
[EventDate "2018.05.26"]
[EventType "team-tourn"]
[EventRounds "11"]
[EventCountry "FRA"]
[SourceTitle "EXT 2019"]
[Source "ChessBase"]
[SourceDate "2018.10.10"]
[SourceVersion "1"]
[SourceVersionDate "2018.10.10"]
[SourceQuality "1"]
[WhiteTeam "Clichy Echecs 92"]
[BlackTeam "Grasse Echecs"]
[WhiteTeamCountry "FRA"]
[BlackTeamCountry "FRA"]
[TimeControl "40/5400+30:1800+30"]

1. e4 e6 2. d4 d5 3. Nc3 Bb4 4. e5 Ne7 5. a3 Bxc3+ 6. bxc3 c5 7. a4 Nbc6 8. Nf3 Qa5 9. Qd2 cxd4 10. cxd4 Qxd2+ 11. Kxd2 Na5 12. Ba3 Bd7 13. Bb4 Nc4+ 14. Bxc4 dxc4 15. Bxe7 Kxe7 16. Kc3 Rac8 17. Nd2 Bc6 18. f3 f6 $146 (18... f5 19. a5 g5 20.
Rhb1 h5 21. Rb4 g4 22. Rg1 gxf3 23. gxf3 Rhg8 24. Rxg8 Rxg8 25. Rxc4 Kd7 26. d5
Bxd5 27. Rh4 Kc6 28. Kd3 Kc5 29. c4 Bc6 30. Kc3 Be8 31. Nb3+ Kc6 32. Rd4 Kc7
33. Nc5 Bc6 34. Nxe6+ Kc8 35. f4 Bd7 36. Ng5 Rg6 37. e6 Bc6 38. e7 Bd7 39. Rd5
Rg7 40. Rc5+ Kb8 41. Re5 Be8 42. Kd4 Kc8 43. Rc5+ Kd7 44. Rc7+ {1-0 (44) Vovk,
Y (2562)-Williams,S (2513) London 2012}) 19. Rhe1 Rhd8 20. Rab1 f5 21. Nf1 a5 22. Ne3 Rc7 23.
f4 Kf7 24. Rb6 g6 25. Reb1 h6 26. d5 exd5 27. Kd4 Ke6 28. R1b5 g5 29. g4 $2 {[%emt 0:00:12] Joué à tempo
alors que la poussée g3 était plus naturelle} (29. g3 $142 $36 ) 29... gxf4 30. gxf5+ Kf7 31. Nxd5 f3 32. e6+ Kg8 33. Rc5 f2 34. Rb1 Rg7 35. Rf1 Rg1 36.
Rxf2 Bxd5 37. Ke5 Bc6 38. Rxc4 $2 {[%emt 0:01:37] Un gaffe de zeitnot et non
seulement la partie bacule mais également le match car toutes les autres
parties se sont terminées par la nulle} (38. Re2) 38... Kg7 39. Re4 Rd5+ 40. Kf4 Kf6 41. e7 Rxf5+ 42. Ke3 Re1+ 43. Kd4 0-1

[Event "FRA-chT Top 12"]
[Site "Brest"]
[Date "2018.05.27"]
[Round "2"]
[White "Kosteniuk, Alexandra"]
[Black "Dionisi, Thomas"]
[Result "1-0"]
[ECO "A88"]
[WhiteElo "2555"]
[BlackElo "2399"]
[PlyCount "71"]
[EventDate "2018.05.26"]
[EventType "team-tourn"]
[EventRounds "11"]
[EventCountry "FRA"]
[SourceTitle "EXT 2019"]
[Source "ChessBase"]
[SourceDate "2018.10.10"]
[SourceVersion "1"]
[SourceVersionDate "2018.10.10"]
[SourceQuality "1"]
[WhiteTeam "Clichy Echecs 92"]
[BlackTeam "Bois Colombes"]
[WhiteTeamCountry "FRA"]
[BlackTeamCountry "FRA"]
[TimeControl "40/5400+30:1800+30"]

1. d4 f5 2. Nf3 Nf6 3. g3 g6 4. Bg2 Bg7 5. O-O O-O 6. c4 d6 7. Nc3 c6 8. b4 Qe8 (8... e5 9. dxe5 dxe5 10. e4 Qxd1
11. Rxd1 f4 12. Bb2 fxg3 13. hxg3 Bg4 14. Re1 Nbd7 15. Nd2 a5 16. a3 Rfd8 17.
Ncb1 b6 18. Nf3 Bxf3 19. Bxf3 Bf8 20. b5 cxb5 21. cxb5 Rac8 22. Nc3 Nc5 23.
Red1 Nd3 24. Na4 Nxb2 25. Rxd8 Rxd8 26. Nxb2 Rd4 27. Rd1 Rxd1+ 28. Bxd1 Nxe4
29. Bc2 Nc3 30. a4 Bc5 31. Nd1 Ne2+ 32. Kf1 Nd4 33. Bd3 Kg7 34. Nc3 h5 35. Ne4
Be7 36. Kg2 g5 37. Bb1 g4 38. Bd3 {Leko,P (2737)-Ponomariov,R (2723) Dortmund
2014 1/2-1/2}) 9. Qb3 Kh8 10. b5 $146 (10. c5 a5 11. cxd6 axb4 12. Qxb4 Na6 13. Qa3 Nc7 14. Qc5 Ne6
15. Qb4 exd6 16. Qxd6 Ne4 17. Nxe4 fxe4 18. Ng5 Nxd4 19. Bd2 Bf5 20. Kh1 Rd8
21. Qf4 Nxe2 22. Qe3 Bg4 23. Nxe4 Bd4 24. Qg5 Bf5 25. Bb4 Bxe4 26. Bxf8 Bxg2+
27. Kxg2 Qxf8 28. Rad1 c5 29. Rd3 Re8 30. Qd5 Qe7 31. Rf3 Nc3 32. Qb3 Qe4 33.
Rc1 Ne2 34. Rb1 b5 35. Qxb5 Nc3 36. Qb7 Nxb1 37. Qxe4 Rxe4 {0-1 (37) Tulay
Berkay,K (2128)-Haznedaroglu,K (2455) Kemer 2012}) 10... e5 11. dxe5 dxe5 12. e4 f4 13. Ba3 Rg8 14. Bd6 Nh5 15. bxc6 Nxc6 16. Nd5 Bg4 17. Qxb7 Bxf3 $6 18. Bxf3 Nd4 19. Bg4 $1 Nf6 20. Nxf6 Bxf6 21. c5 $36 Rg7 (21... h5
22. Bd1 $16) 22. Qd5 h5 23. Bd1 f3 24. Re1 g5 25. Re3 g4 26. Ba4 Qxa4 27. Qxa8+ Kh7 28. Qf8 Kg6 29. Qc8 Qb5 30. h3 gxh3 31. Kh1 Kh7 32. Rxf3 Nxf3 33. Qf5+ Rg6 34. Qxh5+ Kg7 35. Qxf3 Qb2 36. Rd1 1-0

[Event "FRA-chT Top 12"]
[Site "Brest"]
[Date "2018.05.28"]
[Round "3"]
[White "Istratescu, Andrei"]
[Black "Kosteniuk, Alexandra"]
[Result "1-0"]
[ECO "C92"]
[WhiteElo "2589"]
[BlackElo "2555"]
[PlyCount "91"]
[EventDate "2018.05.26"]
[EventType "team-tourn"]
[EventRounds "11"]
[EventCountry "FRA"]
[SourceTitle "EXT 2019"]
[Source "ChessBase"]
[SourceDate "2018.10.10"]
[SourceVersion "1"]
[SourceVersionDate "2018.10.10"]
[SourceQuality "1"]
[WhiteTeam "Mulhouse Philidor"]
[BlackTeam "Clichy Echecs 92"]
[WhiteTeamCountry "FRA"]
[BlackTeamCountry "FRA"]
[TimeControl "40/5400+30:1800+30"]

1. e4 e5 2. Nf3 Nc6 3. Bb5 a6 4. Ba4 Nf6 5. O-O Be7 6. Re1 b5 7. Bb3 d6 8. c3 O-O 9. h3 Re8 10. d4 Bb7 11. Nbd2 exd4 12. cxd4 Nd7 13. Nf1 Na5 14. Bc2 Bf6 15. Ng3 (15. Ne3 Bxe4 16. Bd2 Bxc2 17. Qxc2
Nc4 18. Nxc4 Rxe1+ 19. Rxe1 bxc4 20. Qxc4 Nb6 21. Qc6 Qd7 22. Rc1 Qxc6 23. Rxc6
Nd5 24. Ba5 Ra7 25. Kf1 Kf8 26. g3 Ke7 27. Ke2 Kd7 28. Rc4 Rb7 29. b3 Rb5 30.
Bd2 Nb6 31. Rc2 a5 32. Kd3 a4 33. b4 h5 34. a3 g6 35. g4 Be7 36. Rc1 Rd5 37.
Be3 c6 38. Nd2 Rb5 39. Ne4 hxg4 40. hxg4 Nd5 41. Bd2 Rb8 42. Rh1 Nf6 43. f3
Nxe4 44. fxe4 d5 {Shankland,S (2671)-Bu,X (2725) Liaocheng 2018 1/2-1/2}) 15...
g6 16. Bd2 Nc4 17. Bc3 c5 18. Bb3 $146 (18. b3 Na3
19. Bd3 b4 20. Bb2 Nb5 21. Qd2 Nc3 22. Bxc3 bxc3 23. Qxc3 cxd4 24. Qd2 Nc5 25.
Rad1 Rc8 26. Bb1 Ne6 27. Ne2 Nc5 28. Ng3 Ne6 29. Ne2 Qb6 30. Nfxd4 Nxd4 31.
Nxd4 d5 32. e5 Bxe5 33. Nf3 Bg7 34. Rxe8+ Rxe8 35. Bd3 d4 36. Qf4 Qf6 {1/2-1/2
(36) Kalinina,O (2337)-Szczepkowska,K (2411) Mamaia 2016}) 18... cxd4 19. Bxd4 Rc8 20. Bxc4 Rxc4 21. b3 Bxd4 22. Nxd4 Rc5 23. b4 Rc7 24. a4 bxa4 25. Qxa4 Nf6 26. Rad1 Qc8 (26... Nxe4
27. Nxe4 Rxe4 28. Rxe4 Bxe4 29. Qxa6 Qg5 $132 ) 27. b5 Rc4 $2 (27... axb5 28. Nxb5) (27... d5 28. bxa6 Bxa6)
28. Qa1 d5 29. bxa6 Bxa6 30. Ndf5 gxf5 31. Qxf6 Rc6 32. Qa1 fxe4 33. Rxd5 Rg6 34. Nh5 Bb7 35. Rd6 Ree6 36. Red1 Rxd6 37. Rxd6 Qc7 38. Nf6+ Kf8 39. Nxh7+ Kg8 40. Nf6+ Kf8 41. Qa3 e3 42. Rd7+ Kg7 43. Nh5+ Kg8 44. Rxc7 e2 45. Rxb7 e1=Q+ 46. Kh2 1-0

[Event "FRA-chT Top 12"]
[Site "Brest"]
[Date "2018.05.29"]
[Round "4"]
[White "Kosteniuk, Alexandra"]
[Black "Efimov, Igor"]
[Result "1-0"]
[ECO "B30"]
[WhiteElo "2555"]
[BlackElo "2413"]
[PlyCount "59"]
[EventDate "2018.05.26"]
[EventType "team-tourn"]
[EventRounds "11"]
[EventCountry "FRA"]
[SourceTitle "EXT 2019"]
[Source "ChessBase"]
[SourceDate "2018.10.10"]
[SourceVersion "1"]
[SourceVersionDate "2018.10.10"]
[SourceQuality "1"]
[WhiteTeam "Clichy Echecs 92"]
[BlackTeam "Cemc Monaco"]
[WhiteTeamCountry "FRA"]
[BlackTeamCountry "MNC"]
[TimeControl "40/5400+30:1800+30"]

1. e4 c5 2. Nf3 Nc6 3. Bb5 Nf6 4. Bxc6 (4. Nc3 g6 5. O-O Bg7 6. e5 Ng4 7. Bxc6 dxc6 8. Re1 O-O 9. d3 Nh6 10.
h3 Nf5 11. Ne4 b6 12. Bf4 Nd4 13. c3 Nxf3+ 14. Qxf3 Be6 15. Qe3 Qd5 16. c4 Qd7
17. Bh6 Rfd8 18. Bxg7 Kxg7 19. Rad1 Qd4 20. Qg5 Rd7 21. Nc3 h6 22. Qg3 Bf5 23.
Rd2 g5 24. Qf3 Qf4 25. Qxf4 gxf4 26. Ne2 Rxd3 27. Rxd3 Bxd3 28. Nxf4 Bxc4 29.
b3 Bd5 30. Rd1 e6 31. Nh5+ Kg6 32. g4 a5 33. Nf6 a4 {Vidit,S (2707)-Li,C (2732)
Liaocheng 2018 0-1}) 4... bxc6 5. e5 Nd5 6. O-O g6 7. c4 Nc7 8. d4 Ba6 $6 $146 (
8... cxd4 9. Qxd4 Bg7 10. Nc3 O-O 11. Qh4 f6 12. exf6 exf6 13. Rd1 d5 14. cxd5
Nxd5 15. Bh6 Bxh6 16. Qxh6 Bg4 17. Rd3 Bxf3 18. Rxf3 Nxc3 19. Rxc3 Qd5 20. Qc1
Rac8 21. Qe3 Rfe8 22. Qxa7 Ra8 23. Qb7 Rxa2 24. Rf1 Qb5 25. Qxb5 cxb5 26. Rb3
Re5 27. g3 g5 28. Rd1 Kf7 29. Kg2 Kg6 30. Rd6 g4 31. h3 h5 32. hxg4 hxg4 33.
Rb6 Ra5 34. Rb4 Kg5 35. Rf4 Rf5 36. Rxf5+ Kxf5 37. b4 Ra4 38. Rxb5+ {Fedoseev,
V (2659)-Handke,F (2531) Berlin 2015 1/2-1/2}) 9. b3 cxd4 10. Qxd4 $16 Bg7 11. Qh4 h6 (11...
O-O $6 12. Bh6 $36) 12. Nc3 Ne6 13. Rd1 Qc7 14. Ba3 (14. Bb2 Bxe5 15.
Nd5 $5 ) 14... Ng5 15. Re1 $5 Nxf3+ 16. gxf3 g5 17. Qd4 Bb7 18. Rad1 Rc8 19. Ne4 c5 20. Bxc5 Qc6 21. Ba3 d6 $2 22. Nxd6+ exd6 23. exd6+ Kf8 24. d7+ Kg8 25. dxc8=Q+ Bxc8 26. Qe4 Qc7 27.
Bd6 Qa5 28. Qe8+ Kh7 29. Qxf7 Rg8 30. Re7 1-0

[Event "FRA-chT Top 12"]
[Site "Brest"]
[Date "2018.05.30"]
[Round "5"]
[White "Koch, Jean Rene"]
[Black "Kosteniuk, Alexandra"]
[Result "1/2-1/2"]
[ECO "A28"]
[WhiteElo "2454"]
[BlackElo "2555"]
[PlyCount "121"]
[EventDate "2018.05.26"]
[EventType "team-tourn"]
[EventRounds "11"]
[EventCountry "FRA"]
[SourceTitle "EXT 2019"]
[Source "ChessBase"]
[SourceDate "2018.10.10"]
[SourceVersion "1"]
[SourceVersionDate "2018.10.10"]
[SourceQuality "1"]
[WhiteTeam "Metz Fischer"]
[BlackTeam "Clichy Echecs 92"]
[WhiteTeamCountry "FRA"]
[BlackTeamCountry "FRA"]
[TimeControl "40/5400+30:1800+30"]

1. c4 e5 2. Nc3 Nf6 3. Nf3 Nc6 4. e3 Bb4 5. Qc2 Bxc3 6. Qxc3 Qe7 7. a3 d5 8. d4 exd4 9. Nxd4 Nxd4 10. Qxd4 O-O (10... c5 11.
Qh4 dxc4 12. Bxc4 Be6 13. Bb5+ Nd7 14. Qxe7+ Kxe7 15. Bd2 Rac8 16. Rc1 Rhd8 17.
Ba5 b6 18. Bc3 f6 19. O-O Bb3 {1/2-1/2 (19) Vitiugov,N (2720)-Tomashevsky,E 
(2707) Olginka 2011}) 11. c5 a5 12. b3 b6 13. c6 Ba6 $146 (13... Qe6 14. Bb5 Ba6 15. a4 Bxb5 16. axb5 Qf5 17. Bb2 Rfd8 18. Rc1
Qe4 19. O-O Qxd4 20. Bxd4 Ne4 21. Be5 Ra7 22. Rfd1 f6 23. Ba1 Kf7 24. f3 Nc5
25. Rb1 a4 26. bxa4 Rxa4 {1/2-1/2 (26) Wojna,G (2263)-Kubicki,T (2312) ICCF
email 2003}) 14. Bxa6 Rxa6 15. Bb2 Rd8 16. Rc1 Qe6 17.
O-O Rd6 18. Rfd1 Ra8 19. Qc3 Qg4 20. h3 Qg6 21. Qc2 Re8 22. Qxg6 hxg6 23. Bd4 Ne4 24. f3 Ng3 25. Kf2 Nf5 26. g4 Nxd4 27. Rxd4 Ree6 28. b4 axb4 29. axb4 Rxc6 30. Rxc6 Rxc6 31. Rxd5 Rc2+ 32. Kg3
Kf8 33. e4 Ke7 34. b5 c6 $1
$11 35. bxc6 Rxc6 36. Kf4 Rc8 37. h4 Rb8 38. Rb5 Kd6 39. Ke3 Kc6 40. Re5 b5 41. Kd2 Rd8+ 42. Kc3 Rd6 43.
f4 Rd7 44. Re8 Ra7 45. Rg8 f5 46. exf5 gxf5 47. g5 Kd5 48. Re8 Ra3+ 49. Kb2 Rh3 50. Re5+ Kc4 51. Rxf5 Rxh4 52. Rf7 Rh2+ 53. Kc1 g6 54. f5 gxf5 55. Rxf5 Rg2 56. Kb1 b4 57. Rf4+ Kb3 58. Rf3+ Ka4 59. Rh3 b3 60. Rh8 Rxg5 61. Ra8+ 1/2-1/2

[Event "FRA-chT Top 12"]
[Site "Brest"]
[Date "2018.06.02"]
[Round "8"]
[White "Abergel, Thal"]
[Black "Kosteniuk, Alexandra"]
[Result "0-1"]
[ECO "B18"]
[WhiteElo "2429"]
[BlackElo "2555"]
[PlyCount "62"]
[EventDate "2018.05.26"]
[EventType "team-tourn"]
[EventRounds "11"]
[EventCountry "FRA"]
[SourceTitle "EXT 2019"]
[Source "ChessBase"]
[SourceDate "2018.10.10"]
[SourceVersion "1"]
[SourceVersionDate "2018.10.10"]
[SourceQuality "1"]
[WhiteTeam "Tremblay en France"]
[BlackTeam "Clichy Echecs 92"]
[WhiteTeamCountry "FRA"]
[BlackTeamCountry "FRA"]
[TimeControl "40/5400+30:1800+30"]

1. e4 c6 2. d4 d5 3. Nc3 dxe4 4. Nxe4 Bf5 5. Ng3 Bg6 6. Nh3 Nd7 7. Nf4 (7. Bc4 e6 8. Nf4
Bd6 9. Nxg6 hxg6 10. Ne4 Ndf6 11. Ng5 Nd5 12. h4 Ngf6 13. Bd2 Qc7 14. Qe2 Bf4
15. O-O-O Bxd2+ 16. Rxd2 O-O-O 17. g3 Rd7 18. Rhd1 Rhd8 19. Bb3 Qa5 20. Nf3 Re7
21. Kb1 Nb6 22. Rd3 Qh5 23. Qe1 Qb5 24. a4 Qf5 25. Ng5 Nbd5 26. c4 Nc7 27. Bc2
Qg4 28. Qb4 Red7 29. Nf3 Na6 30. Qe1 Qh5 31. Ne5 Re7 32. b4 Nd7 33. Nf3 Rde8
34. b5 Nc7 35. bxc6 bxc6 36. Ne5 Nxe5 {Piorun,K (2633)-Bartel,M (2604) Warsaw
2018 1-0}) 7... Qc7 8. Be3 O-O-O $146 (8... e6 9. c3 Bd6 10. Ngh5 O-O-O 11. Qf3 e5 12. dxe5 Nxe5 13.
Qh3+ Kb8 14. Be2 Ne7 15. g4 Be4 16. f3 Bd5 17. Qg2 g6 18. Nf6 Nxf3+ 19. Bxf3
Bxf4 20. Bxf4 Qxf4 21. O-O Bc4 22. Be2 Qe3+ 23. Rf2 Bxe2 {0-1 (23) Movileanu,D
(2192)-Goryachkina,A (2478) Reykjavik 2015}) 9. Nxg6 hxg6 10. Qf3 Qa5+ 11. c3 f5 12. b4 Qc7 13.
O-O-O Ngf6 14. Bf4 e5 15. dxe5 Nd5 16. Bc4 Nxf4 17. Qxf4 Qxe5 18. Qd2 $2 (18. Qxe5) 18... Bxb4 $1 19. cxb4 Nb6 20. Bd3 Qa1+ 21. Kc2 Qxa2+ 22. Kc1 Qa1+ 23. Kc2 Qa2+ 24. Kc1 Qa3+ 25. Kc2 Na4 26. Rb1 Rxd3 27. Qxd3 Qa2+ 28. Kc1 Rd8 29. Qc2 Qa3+ 30. Rb2 Rd3 31. Ne2 Nxb2 0-1

[Event "FRA-chT Top 12"]
[Site "Brest"]
[Date "2018.06.03"]
[Round "9"]
[White "Kosteniuk, Alexandra"]
[Black "Edouard, Romain"]
[Result "0-1"]
[ECO "B60"]
[WhiteElo "2555"]
[BlackElo "2621"]
[PlyCount "138"]
[EventDate "2018.05.26"]
[EventType "team-tourn"]
[EventRounds "11"]
[EventCountry "FRA"]
[SourceTitle "EXT 2019"]
[Source "ChessBase"]
[SourceDate "2018.10.10"]
[SourceVersion "1"]
[SourceVersionDate "2018.10.10"]
[SourceQuality "1"]
[WhiteTeam "Clichy Echecs 92"]
[BlackTeam "Bischwiller"]
[WhiteTeamCountry "FRA"]
[BlackTeamCountry "FRA"]
[TimeControl "40/5400+30:1800+30"]

1. e4 c5 2. Nf3 d6 3. d4 cxd4 4. Nxd4 Nf6 5. Nc3 Nc6 6. Bg5 e6 7. Qd2 Qb6 (7... a6) 8. Bxf6 gxf6 9. Nb3 a6 10. Be2 (10. O-O-O Qc7 11. Be2 h5 12.
f4 b5 13. a3 Rb8 14. Kb1 b4 15. axb4 Nxb4 16. Nb5 Qxc2+ 17. Qxc2 Nxc2 18. Nxd6+
Bxd6 19. Rxd6 Nb4 20. Na5 Bb7 21. Bf3 Ba8 22. Rc1 O-O 23. Rc7 Rfd8 24. Rxd8+
Rxd8 25. Nb7 Bxb7 26. Rxb7 a5 27. Rb5 Rd2 28. Rxh5 Nd3 29. Rb5 Nxf4 30. Rxa5
Nxg2 31. Rc5 Ne1 32. Rc3 Rxh2 33. Bd1 Rd2 34. Kc1 Rd4 35. Be2 Kf8 36. Rc4 Rxc4+
37. Bxc4 Ke7 38. Kd2 Nf3+ 39. Kc3 Kd6 {Bosiocic,M (2605)-Kozul,Z (2611) Pozega
2018 1/2-1/2}) 10... Qc7 11. Qf4 Be7 12. O-O-O h5 13. Kb1 $146 (13. Qg3 Kf8 14. f4 b5 15. Bf3 Rb8 16. Kb1 b4 17. Ne2 a5 18.
Nbd4 Nxd4 19. Nxd4 a4 20. Qe1 Rb6 21. Rf1 Ba6 22. Be2 Bb7 23. Bf3 h4 24. Qf2 a3
25. Rd2 axb2 26. Rfd1 Ra6 27. Qe3 Kg7 28. Kxb2 Rha8 29. Ra1 Kg8 30. Rd3 Bf8 31.
f5 e5 32. Nb3 Rc6 33. Re1 Kh7 34. Qf2 Bh6 35. Rdd1 Rxc2+ 36. Qxc2 Rxa2+ 37.
Kxa2 Qxc2+ 38. Ka1 Ba6 {0-1 (38) Sinprayoon,P (2245)-Spraggett,K (2525) Dubai
1986}) 13... Bd7 14. Qe3 b5 15. Bd3 Qa7 $1 16. Qxa7 Rxa7
$11 17. f4 Bc8 18. Rhe1 Rd7 19. Re3 Bf8 20. Rh3 h4 21. Be2 Bg7 22. a3 Rd8 23. Bg4 Bb7 24. Rhd3 Bh6 25.
Ne2 Ke7 26. Bf3 Ba8 27. Nd2 Na7 28. c4 (28. Nf1 a5 29. Ne3 Rhg8 (29... b4 30. Nc4)) 28... Rc8 29. b3 Rc7 30. Rc1 Rhc8 31. Kb2 Bg7 32. Kb1 Bc6 (32... a5 $15) 33. Rd1 Be8 34. Bg4 a5 35. f5 a4 36. fxe6 fxe6 37.
Nf3 Bg6 38. Nc3 bxc4 39. Rxd6 cxb3 40. Rxe6+ Kf8 41. Nd5 Nb5 42. Nxc7 Nc3+ 43. Kc1 Nxd1 44. Kxd1 Rxc7 45. Nxh4 Bh7 46. Rb6 Bxe4 47. Nf5 Kg8 48. Nd6 Bc2+ 49. Ke2 Bf8 50. Be6+ Kh7 51. Nc4 Bc5 52. Rb5 Bd4 53. Bd5 Bg6 54. Kf3 Rd7 55. Be4 Bc3 56. Bxg6+ Kxg6 57. h4 Rd4 58. h5+ Kf7 59. Ne3 b2 60. h6 Rb4
61. axb4 b1=Q 62. h7 Kg7 63. Rb7+ Kh8 64. b5 Bd4 65. Ng4 Qf5+ 66. Kg3 Be5+ 67.
Nxe5 Qxe5+ 68. Kh3 a3 69. Ra7 Qe3+ 0-1

[Event "FRA-chT Top 12"]
[Site "Brest"]
[Date "2018.06.04"]
[Round "10"]
[White "Kosteniuk, Alexandra"]
[Black "Wagner, Dennis"]
[Result "1/2-1/2"]
[ECO "C54"]
[WhiteElo "2555"]
[BlackElo "2567"]
[PlyCount "102"]
[EventDate "2018.05.26"]
[EventType "team-tourn"]
[EventRounds "11"]
[EventCountry "FRA"]
[SourceTitle "EXT 2019"]
[Source "ChessBase"]
[SourceDate "2018.10.10"]
[SourceVersion "1"]
[SourceVersionDate "2018.10.10"]
[SourceQuality "1"]
[WhiteTeam "Clichy Echecs 92"]
[BlackTeam "Nice Alekhine"]
[WhiteTeamCountry "FRA"]
[BlackTeamCountry "FRA"]
[TimeControl "40/5400+30:1800+30"]

1. e4 e5 2. Nf3 Nc6 3. Bc4 Bc5 4. d3 Nf6 5. Bg5 h6 6. Bh4 d6 7. c3 g5 8. Bg3 a6 9. a4 Ba7 10. Nbd2 O-O 11. h4 g4 12. Nh2 Kg7 13.
Qe2 Bd7 $146 (13... Ne7 14. h5 Nxh5 15. Nxg4
Nxg3 16. fxg3 Ng8 17. Ne3 Qg5 18. Nef1 Ne7 19. Nf3 Qg6 20. O-O-O f5 21. Bb3 b5
{1/2-1/2 (21) Eljanov,P (2702)-Fressinet,L (2651) Brest 2018}) 14. Ndf1 b5 15. Bb3 b4 16. Ne3 Rb8 17. Bd1 bxc3 18. bxc3 h5 19. O-O Ne7 20. Qd2 Nh7 21.
d4 exd4 22. cxd4 f5 23. exf5 Nxf5 24. Nxf5+ Bxf5 25. Be2 Nf6 26. Qg5+ Bg6 27. Bf4 Ng8 28. Qxd8 Rbxd8 29. Be3 a5 30. Rac1 Rf7 31. Rfe1 Nh6 32. Bg5 g3 33. fxg3 Bxd4+ 34. Kh1 Nf5 35. Nf1 Re8 36. Bc4 Rxe1 37. Rxe1 Rf8 38. Kh2 Rb8 39. Bd2 Ra8 (39... c6 $15) 40. Kh3 c6 41. Be6 Be5 42. g4 hxg4+ 43. Kxg4 Nd4 44. h5 Bxh5+ 45. Kxh5 Nxe6 46. Ne3 Nf4+ 47. Kg5 Nd3 48. Rf1 Rg8 49. Ng4 Kh7+ 50. Kh5 Rg7 51. Rf3 Nc5 1/2-1/2

[Event "FRA-chT Top 12"]
[Site "Brest"]
[Date "2018.06.05"]
[Round "11"]
[White "Cappon, John"]
[Black "Kosteniuk, Alexandra"]
[Result "0-1"]
[ECO "B18"]
[WhiteElo "2145"]
[BlackElo "2555"]
[PlyCount "96"]
[EventDate "2018.05.26"]
[EventType "team-tourn"]
[EventRounds "11"]
[EventCountry "FRA"]
[SourceTitle "EXT 2019"]
[Source "ChessBase"]
[SourceDate "2018.10.10"]
[SourceVersion "1"]
[SourceVersionDate "2018.10.10"]
[SourceQuality "1"]
[WhiteTeam "T H F Saint-Quentin"]
[BlackTeam "Clichy Echecs 92"]
[WhiteTeamCountry "FRA"]
[BlackTeamCountry "FRA"]
[TimeControl "40/5400+30:1800+30"]

1. e4 c6 2. d4 d5 3. Nd2 dxe4 4. Nxe4 Bf5 5. Ng3 Bg6 6. f4 (6. h4) 6... e6 7. Nf3 Bd6 8. Bd3 Ne7 9. O-O O-O 10. Bxg6 hxg6 11. c3 $146 (11. Ne4 Qc7 12. Qe1 Rd8 13. Bd2 c5 14. dxc5 Bxc5+
15. Kh1 Nd7 16. Nfg5 Nf8 17. Nxc5 Qxc5 18. Bb4 Qc7 19. c4 a5 20. Ba3 Nf5 21. b3
{1/2-1/2 (21) Munoz Pantoja,M (2504)-Cervello Tost,F (2304) Barcelona 2018})
11... c5 12. Ne4 cxd4 13.
Nxd6 Qxd6 14. Qxd4 Qc7 15. Qe5 Qb6+ 16. Qd4 Qa6 17. Qf2 Nd7 18. Nd4 Rfd8 19. Qe2 Qxe2 20. Nxe2 Nb6 21. b3 Rd3 22. c4 Nf5 23. Ba3 (23. g4 $11) 23... Rd2 24. Rfe1 a5 25. Bc5 Nd7 26. Bf2 Nf6 27. Nc3 Ng4 28. Rf1 Rad8 29. Ne4 Rc2 30. Rad1 Rxd1 31. Rxd1 f6 32. Ra1 Re2 33. h3 Nxf2 34. Nxf2 Ne3 35. g4 b6 36. Nd3 Rg2+ 37. Kh1 Rd2 38. Ne1 Kf7 39. Nf3 Rf2 40. Nd4 Rxf4 41.
Nb5 Rf3 42. Kh2 Rf2+ 43. Kg3 Rd2 44. Re1 Nc2 45. Rf1 Nb4 46.
a3 Nc6 47. Rf3 e5 48. Re3 f5 0-1